AoeStats
← [CL] Al3jandr0.magn00

Arabia

506133339Analyzed
1v1 RM · 20d ago on Sep 12, 2026· 32m 38s· 2 players
Game mode
Random Map
Map size
Tiny (2 player)
Population
200
Speed
Normal
Resources
Standard
Victory
Conquest
Starting age
Dark Age
Ending age
Imperial Age
RankedLock teamsTeams togetherTeam positionsShared explorationLock speedFull tech treeHidden civsTurbo modeCheats
Victory
Defeat
🇬🇧 Vietnamese · United Kingdom
1991
+12
🇦🇷 Magyars · Argentina
1892
-12
[CL] Al3jandr0.magn00
5:34 Loom
6:11 Loom
8:37 Feudal Age
9:32 Double-Bit Axe
18:46 Fletching
25:29 Castle Age
24:41 Padded Archer Armor
26:07 Bodkin Arrow
25:41 Elite Skirmisher
27:16 Gold Mining
30:05 Leather Archer Armor
31:05 Ballistics
31:53 Wheelbarrow
christar123 ten
6:50 Loom
9:18 Feudal Age
9:22 Man-at-Arms
17:25 Fletching
21:41 Castle Age
21:09 Padded Archer Armor
21:24 Horse Collar
21:31 Double-Bit Axe
21:46 Crossbowman
23:12 Bodkin Arrow
25:42 Bow Saw
25:34 Heavy Plow
29:43 Wheelbarrow
29:22 Elite Skirmisher
32:27 Ballistics
Connection lost

Rejoining the realm…

Still unreachable

The connection could not be restored.

Session expired

The server has moved on; the page needs a fresh start.